 Dungeon Crawl Stone Soup version 0.28.0 (webtiles) character file.

Game seed: 18236489689505239738

7942 dorian the Zephyrmancer (level 11, -1/54 HPs)
             Began as a Tengu Air Elementalist on Feb 11, 2022.
             Was a Believer of Vehumet.
             Shot with an arrow by a centaur warrior (22 damage)
             ... on level 14 of the Dungeon.
             The game lasted 00:31:24 (11625 turns).

dorian the Zephyrmancer (Tengu Air Elementalist)   Turns: 11625, Time: 00:31:25

Health: -1/54      AC:  3    Str:  9    XL:     11   Next: 23%
Magic:  18/22      EV: 14    Int: 20    God:    Vehumet [**....]
Gold:   774        SH:  0    Dex: 14    Spells: 3/24 levels left

rFire   . . .      SeeInvis .   d - +2 dagger (venom)
rCold   . . .      Faith    .   (no shield)
rNeg    . . .      Spirit   .   a - +1 robe
rPois   +          Reflect  .   (helmet restricted)
rElec   .          Harm     .   (no cloak)
rCorr   .          Rampage  .   (no gloves)
Will    .....                   (boots unavailable)
Stlth   ++........              m - amulet of magic regeneration
HPRegen 0.18/turn               e - ring of poison resistance
MPRegen 0.58/turn               g - ring of wizardry

@: flying quickly and evasively, studying Bows, quick
A: beak, talons 3, nimble flight
a: Renounce Religion


You were on level 14 of the Dungeon.
You worshipped Vehumet.
Vehumet was pleased with you.
You visited 2 branches of the dungeon, and saw 13 of its levels.
You also visited: Ossuary.

You collected 774 gold pieces.

Inventory:

Hand Weapons
 d - a +2 dagger of venom (weapon)
 y - the +9 staff of Wucad Mu {*channel}
   (You acquired it in an ossuary)

   It occasionally powers its wielder's spells, but with a chance of causing
   confusion or draining the wielder's intelligence.
   It becomes more likely to activate and less likely to backfire with increased
   Evocations skill.
 z - a +4 dire flail of distortion
 I - a +4 spear of flaming
Missiles
 B - 2 throwing nets
Armour
 a - a +1 robe (worn)
 C - a +1 ring mail of cold resistance
 M - a +0 cloak
Magical Staves
 q - a staff of fire
Jewellery
 c - an amulet of reflection
 e - a ring of poison resistance (left hand)
 g - a ring of wizardry (right hand)
 k - a ring of fire
 m - an amulet of magic regeneration (around neck)
 o - a ring of resist corrosion
 v - the amulet of Sif Muna's Envy {Harm Rampage Regen+ Dex+4}
   (You found it on level 6 of the Dungeon)

   [amulet of regeneration]

   Dex:       It affects your dexterity (+4).
   Regen:     It increases your rate of health regeneration.
   Harm:      It increases damage dealt and taken.
   Rampage:   It bestows one free step when moving towards enemies.
 E - a ring of protection from fire
 N - a ring of wizardry
Wands
 x - a wand of acid (22)
 A - a wand of charming (9)
 G - a wand of polymorph (6)
 J - a wand of digging (7)
 L - a wand of iceblast (5)
Scrolls
 i - 4 scrolls of identify
 l - 2 scrolls of fear
 n - 2 scrolls of magic mapping
 p - 2 scrolls of vulnerability
 s - 4 scrolls of enchant armour
 D - 2 scrolls of teleportation
 K - a scroll of immolation
Potions
 b - 9 potions of curing
 f - 4 potions of might
 h - 4 potions of haste
 j - a potion of berserk rage
 r - a potion of invisibility
 t - 3 potions of lignification
 u - 5 potions of mutation
 w - a potion of attraction
 F - a potion of cancellation
 H - 2 potions of heal wounds


   Skills:
 - Level 2.1 Dodging
 - Level 2.0 Stealth
 + Level 7.1 Spellcasting
 * Level 13.7 Conjurations
 + Level 3.0 Summonings
 * Level 14.3 Air Magic


You had 3 spell levels left.
You knew the following spells:

 Your Spells              Type           Power      Damage    Failure   Level
a - Shock                 Conj/Air       100%       1d9       1%          1
b - Static Discharge      Conj/Air       59%        N/A       1%          2
c - Mephitic Cloud        Conj/Pois/Air  44%        N/A       1%          3
d - Airstrike             Air            29%        N/A       1%          4
e - Freezing Cloud        Conj/Ice/Air   22%        6-21      2%          5
f - Swiftness             Air            59%        N/A       1%          3
g - Call Canine Familiar  Summ           19%        N/A       3%          3

Your spell library contained the following spells:

 Spells                   Type           Power      Damage    Failure   Level
 Foxfire                  Conj/Fire      100%       2x1d9     1%          1
 Beastly Appendage        Tmut           14%        N/A       4%          1
 Wereblood                Tmut           7%         N/A       6%          2
 Ignite Poison            Fire/Tmut/Pois 7%         N/A       12%         3
 Portal Projectile        Hex/Tloc       14%        N/A       12%         3
 Spider Form              Tmut/Pois      7%         N/A       12%         3
 Animate Armour           Summ/Erth      26%        N/A       21%         4
 Iron Shot                Conj/Erth      17%        9d4       32%         6
 Leda's Liquefaction      Hex/Erth       3%         N/A       34%         4
 Blade Hands              Tmut           3%         N/A       67%         5


Dungeon Overview and Level Annotations

Branches:
Dungeon (11/15)            Temple (1/1) D:6            Lair (0/6) D:8
Ossuary (visited)
    Orc: D:9-12

Altars:
Ashenzari
Cheibriados
Dithmenos
Elyvilon
Fedhas
Gozag
Hepliaklqana
Kikubaaqudgha
Makhleb
Nemelex Xobeh
Okawaru
Qazlal
Ru
Sif Muna
Trog
Uskayaw
Vehumet
Wu Jian
Xom
Yredelemnul
Zin
The Shining One

Shops:
D:6 !

Portals:
Trove: D:10 (give +4 storm dragon scales)

Annotations:
D:5 2 transporters, dorian's ghost, novice TeAE


Innate Abilities, Weirdness & Mutations

You have a beak for a mouth.
You have claws for feet.
Your magical nature lets you fly swiftly and evasively.


Message History

Aiming: Freezing Cloud (dangerous; 2% risk of failure)
Press: ? - help, Dir - move target The centaur warrior is engulfed in freezing vapours.
The centaur warrior wields a +0 shortbow.
The centaur warrior shoots an arrow.
The arrow hits you!
The centaur is engulfed in freezing vapours.
The centaur wields a +0 vorpal shortbow.
The centaur shoots an arrow.
The arrow misses you.
The centaur is engulfed in freezing vapours.
Unknown command.
The centaur is engulfed in freezing vapours.
The centaur wields a +0 shortbow.
The centaur shoots an arrow.
The arrow hits you!
The centaur is engulfed in freezing vapours.
The centaur shoots an arrow.
The arrow hits you.
Unknown command.
You feel much better.
The centaur is engulfed in freezing vapours.
You kill the centaur!
Vehumet accepts your kill.
You feel your power returning.
The centaur is engulfed in freezing vapours.
You kill the centaur!
Vehumet accepts your kill.
You feel your power returning.
The centaur warrior is engulfed in freezing vapours.
The centaur warrior shoots an arrow.
The arrow hits you!!
The centaur warrior is engulfed in freezing vapours.
The centaur warrior shoots an arrow.
The arrow hits you!
Your Summonings skill increases to level 3!
Casting: Freezing Cloud (dangerous; 2% risk of failure)
Confirm with . or Enter, or press ? or * to list all spells.
Aiming: Airstrike (safe; 1% risk of failure)
Press: ? - help, Dir - move target, f - centaur warrior
Aim: a centaur warrior, wielding a +0 shortbow and quivering arrows (freezing vapour, heavily wounded, empty space bonus: 6/8)
The air twists around and strikes the centaur warrior!
The centaur warrior is severely wounded.
The centaur warrior is engulfed in freezing vapours.
The centaur warrior shoots an arrow.
The arrow hits you!!
You die...

# #.
##§######## .
.c§§......#
#..
.§§§......#
....
...§......#..#
.....?......#
........@.#
..........#
..(.......#
..........#
###########


You could see a centaur warrior.

Vanquished Creatures
  A two-headed ogre (D:9)
  3 death yaks (D:8)
  Grinder (D:6)
  Sigmund (D:6)
  9 yaks
  6 vampire mosquitoes
  Edmund (D:6)
  3 water moccasins
  A hornet zombie (D:8)
  An orc warrior (D:7)
  An ice beast (D:7)
  2 sky beasts
  A necrophage (D:5)
  6 centaurs
  An ogre (D:4)
  A phantom (D:6)
  A kobold brigand (D:8)
  2 gnoll sergeants
  2 bullfrogs
  3 scorpions
  A water moccasin skeleton (D:5)
  A howler monkey (D:9)
  3 hounds
  2 bullfrog zombies
  2 centaur zombies
  An orc priest (D:7)
  2 bullfrog skeletons
  3 jellies
  A gnoll shaman (D:5)
  2 iguanas (D:5)
  2 orc wizards
  2 hell rats (D:8)
  2 killer bee zombies
  A hound zombie (D:5)
  8 mummies (Ossuary)
  14 gnolls
  A howler monkey skeleton (D:7)
  7 adders
  A river rat (D:8)
  A shadow imp (D:8)
  2 adder zombies (D:2)
  A worm (D:2)
  4 dart slugs
  14 orcs
  A bat skeleton (D:2)
  A bat zombie (D:2)
  9 endoplasms
  3 giant cockroaches
  8 goblins
  6 hobgoblins
  4 jackals (D:3)
  5 quokkas
  7 ball pythons
  3 bats (D:1)
  A frilled lizard (D:1)
  A hobgoblin zombie (Ossuary)
  A jackal skeleton (D:2)
  9 kobolds
  3 kobold zombies (Ossuary)
  4 orc zombies (Ossuary)
  10 rats
201 creatures vanquished.

Vanquished Creatures (others)
  A plant (D:6)
  3 withered plants (D:2)
4 creatures vanquished.

Grand Total: 205 creatures vanquished

Notes
Turn   | Place    | Note
-------+----------+-------------------------------------------
     0 | D:1      | dorian the Tengu Air Elementalist began the quest for the
                  | Orb.
     0 | D:1      | Reached XP level 1. HP: 10/10 MP: 4/4
   291 | D:1      | Reached XP level 2. HP: 13/15 MP: 0/6
   801 | D:1      | Learned a level 2 spell: Static Discharge
  1076 | D:2      | Found a burning altar of Makhleb.
  1124 | D:2      | Reached XP level 3. HP: 19/19 MP: 4/7
  1936 | D:3      | Found a blossoming altar of Fedhas.
  2003 | D:3      | Reached skill level 5 in Air Magic
  2003 | D:3      | Reached XP level 4. HP: 8/24 MP: 1/8
  2581 | D:3      | Found a white marble altar of Elyvilon.
  3113 | D:4      | Gained mutation: Your magical nature lets you fly swiftly
                  | and evasively. [Tengu growth]
  3113 | D:4      | Reached XP level 5. HP: 24/28 MP: 6/9
  3520 | D:4      | Reached skill level 6 in Air Magic
  3532 | D:4      | Reached XP level 6. HP: 32/32 MP: 9/11
  3550 | D:4      | Noticed a sky beast
  3588 | D:3      | Learned a level 3 spell: Mephitic Cloud
  3593 | D:3      | Learned a level 4 spell: Airstrike
  3642 | D:4      | Reached skill level 5 in Conjurations
  4461 | D:4      | Killed a sky beast
  4462 | D:4      | Reached skill level 7 in Air Magic
  4462 | D:4      | Reached XP level 7. HP: 36/36 MP: 0/13
  4622 | D:5      | Entered Level 5 of the Dungeon
  5104 | D:5      | Found a transporter.
  5109 | D:5      | Noticed dorian's ghost (novice TeAE)
  5124 | D:5      | Found a transporter.
  5334 | D:5      | Reached skill level 8 in Air Magic
  5380 | D:5      | Reached XP level 8. HP: 36/41 MP: 8/14
  5529 | D:6      | Noticed Grinder
  5535 | D:6      | Killed Grinder
  5660 | D:6      | Noticed a yak
  5764 | D:6      | Learned a level 5 spell: Freezing Cloud
  5772 | D:6      | Reached skill level 9 in Air Magic
  5810 | D:6      | Found a staircase to the Ecumenical Temple.
  5811 | D:6      | Found Wukucira's Distillery.
  5841 | Temple   | Entered the Ecumenical Temple
  6008 | Temple   | Became a worshipper of Vehumet
  6054 | D:6      | Identified the amulet of Sif Muna's Envy {Harm Rampage
                  | Regen+ Dex+4}
  6113 | D:6      | Noticed Sigmund
  6139 | D:6      | Noticed Edmund
  6141 | D:6      | Killed Sigmund
  6589 | D:6      | Noticed a yak
  6589 | D:6      | Noticed a yak
  6590 | D:6      | Noticed a yak
  6599 | D:6      | Noticed a yak
  6599 | D:6      | Killed a yak
  6600 | D:6      | Noticed a yak
  6603 | D:6      | Killed a yak
  6604 | D:6      | Reached skill level 10 in Air Magic
  6604 | D:6      | Reached XP level 9. HP: 24/45 MP: 14/17
  6611 | D:6      | Reached skill level 5 in Spellcasting
  6985 | D:6      | Reached skill level 10 in Conjurations
  7025 | D:6      | Killed Edmund
  7026 | D:6      | Reached skill level 11 in Air Magic
  7365 | D:7      | Reached * piety under Vehumet
  7365 | D:7      | Offered knowledge of Freeze by Vehumet.
  7580 | D:7      | Found a sand-covered staircase.
  7585 | Ossuary  | Entered an ossuary
  7810 | Ossuary  | Identified a scroll of acquirement
  7810 | Ossuary  | Acquired the +9 staff of Wucad Mu {*channel}
  7810 | Ossuary  | Found the +9 staff of Wucad Mu {*channel}
  8218 | D:7      | Reached XP level 10. HP: 50/50 MP: 12/19
  8221 | D:7      | Reached skill level 12 in Air Magic
  8832 | D:8      | Reached ** piety under Vehumet
  9135 | D:8      | Found a staircase to the Lair.
  9137 | D:8      | Offered knowledge of Foxfire by Vehumet.
  9137 | D:8      | Noticed a death yak
  9137 | D:8      | Noticed a death yak
  9154 | D:8      | Killed a death yak
  9234 | D:8      | Noticed a death yak
  9481 | D:8      | Killed a death yak
  9482 | D:8      | Reached skill level 13 in Air Magic
 10262 | D:8      | Killed a death yak
 10333 | D:8      | Learned a level 3 spell: Swiftness
 10337 | D:8      | Learned a level 3 spell: Call Canine Familiar
 10345 | D:9      | Noticed a green ugly thing
 10345 | D:9      | Noticed a deep elf pyromancer
 10345 | D:9      | Noticed a two-headed ogre
 10346 | D:9      | Noticed a two-headed ogre
 10449 | D:9      | Noticed a tengu warrior
 10450 | D:9      | Noticed a centaur warrior
 10461 | D:9      | Noticed a wizard
 10638 | D:9      | Noticed a two-headed ogre
 10646 | D:9      | Killed a two-headed ogre
 10647 | D:9      | Reached skill level 1 in Summonings
 10647 | D:9      | Reached XP level 11. HP: 54/54 MP: 22/22
 10760 | D:9      | Reached skill level 14 in Air Magic
 11045 | D:10     | Entered Level 10 of the Dungeon
 11539 | D:10     | Found a portal to a secret trove of treasure.
 11621 | D:11     | You are sucked into a shaft and drop 3 floors!
 11621 | D:14     | Noticed a centaur warrior
 11625 | D:14     | Shot with an arrow by a centaur warrior

Illustrated notes

Levels and vault maps discovered:
D:1:      lemuel_arrival_rhombus, layout_loops_ring
D:2:      layout_rooms, basic_altar, serial_undead, serial_undead_b,
          serial_undead_a, serial_undead_a, serial_undead_e
D:3:      minmay_door_path, layout_basic, mainiacjoe_overflow_tiny_flanked,
          fedhas_altar_2
D:4:      layout_cave_pods, minmay_manual_mess
D:5:      layout_rooms, gammafunk_ghost_arena
D:6:      layout_rooms, minmay_temple_entry_glass, serial_shops,
          nicolae_shop_waterfront, sigmund_edmund_badplayer, uniq_edmund,
          uniq_sigmund, uniq_grinder
D:7:      layout_gridville, nicolae_ossuary_entry_plus
D:8:      layout_loops_ring, dpeg_lair_monsters
D:9:      layout_basic, minivault_12
D:10:     layout_rooms, nicolae_trove_entry_crystal
D:11:     layout_irregular_city, minivault_15, chequers_serial_rivers_small_a,
          minmay_holes, uniq_fannar
D:14:     layout_roguey, grunt_vaults_entry_fortified
Temple:   mainiacjoe_temple_big_plus

Skill      XL: |  1  2  3  4  5  6  7  8  9 10 11 |
---------------+----------------------------------+-----
Conjurations   | 2 3 4 6 7 9 11 13 | 13.7
Air Magic      | 5 6 7 8 10 11 13 14 | 14.3
Spellcasting   | 3 4 5 6 7 |  7.1
Summonings     | 1 3 |  3.0
Dodging        | |  2.1
Stealth        | |  2.0

Action                   |  1- 3 |  4- 6 |  7- 9 | 10-12 || total
-------------------------+-------+-------+-------+-------++-------
Melee: Unarmed           |     8 |       |       |       ||     8
       Kick              |     4 |       |     1 |     1 ||     6
       Dagger            |     9 |     2 |     3 |     1 ||    15
       Peck              |     3 |     1 |       |       ||     4
 Cast: Shock             |    89 |    83 |   193 |    34 ||   399
       Static Discharge  |     3 |     5 |    25 |    13 ||    46
       Airstrike         |       |     4 |    13 |     6 ||    23
       Freezing Cloud    |       |       |     9 |    37 ||    46
       Mephitic Cloud    |       |       |     1 |     1 ||     2
  Use: Scroll            |       |       |    20 |     3 ||    23
       Potion            |       |       |       |     1 ||     1
Armor: Robe              |    11 |     1 |     4 |       ||    16
Dodge: Dodged            |    13 |    15 |    26 |    25 ||    79
